 Dungeon Crawl Stone Soup version 0.30-a0-728-gc68057be0a (webtiles) character file.

Game seed: 4772208464055400726

816 Crownlay the Chiller (level 7, -1/51 HPs)
             Began as a Gnoll Ice Elementalist on Jan 31, 2023.
             Slain by an ogre
             ... wielding a +0 giant club
              (25 damage)
             ... on level 5 of the Dungeon.
             The game lasted 00:09:18 (4212 turns).

Crownlay the Chiller (Gnoll Ice Elementalist)       Turns: 4212, Time: 00:09:18

Health: -1/51      AC: 12    Str:  7    XL:     7   Next: 94%
Magic:  12/15      EV: 15    Int: 16    God:
Gold:   125        SH:  5    Dex: 19    Spells: 10/17 levels left

rFire   . . .      SeeInvis .    c - +0 dagger
rCold   . . .      Faith    .    I - +0 buckler
rNeg    . . .      Spirit   .    a - +0 robe
rPois   +          Reflect  .    m - +2 helmet
rElec   .          Harm     .    (no cloak)
rCorr   .          Rampage  .    (no gloves)
Will    .....                    (no boots)
Stlth   +++                      i - amulet of magic regeneration
HPRegen 0.28/turn                n - ring of poison resistance
MPRegen 0.54/turn                l - +6 ring of dexterity

@: ice-armoured, freezing walls
A: fangs 1, strong nose, distributed training
a: no special abilities


You were on level 5 of the Dungeon.
You visited 1 branch of the dungeon, and saw 5 of its levels.

You collected 270 gold pieces.
You spent 145 gold pieces at shops.

Inventory:

Hand Weapons
 c - a +0 dagger (weapon)
 e - a +0 spear
Armour
 a - a +0 robe (worn)
 m - a +2 helmet (worn)
 I - a +0 buckler (worn)
Jewellery
 d - a ring of see invisible
 i - an amulet of magic regeneration (around neck)
 l - a +6 ring of dexterity (right hand)
 n - a ring of poison resistance (left hand)
 A - a ring of fire
 B - an amulet of the acrobat
 D - a ring of fire
 F - a ring of willpower
Wands
 z - a wand of iceblast (4)
 G - a wand of flame (5)
Scrolls
 f - 7 scrolls of identify {unknown}
 g - 5 scrolls of teleportation
 j - a scroll of torment {unknown}
 q - 2 scrolls of amnesia {unknown}
 r - a scroll of fog {unknown}
 v - a scroll of fear
 w - a scroll of vulnerability {unknown}
 y - a scroll of immolation {unknown}
 C - a scroll of acquirement {unknown}
 H - a scroll of magic mapping
 J - 2 scrolls of blinking {unknown}
 K - a scroll of enchant armour {unknown}
Potions
 b - 2 potions of magic
 h - 2 potions of attraction {unknown}
 k - 2 potions of berserk rage {unknown}
 o - 3 potions of heal wounds {unknown}
 p - 4 potions of curing {unknown}
 s - a potion of lignification {unknown}
 t - a potion of haste {unknown}
 u - a potion of degeneration {unknown}
 x - a potion of resistance {unknown}
 E - a potion of invisibility {unknown}


   Skills:
 + Level 2.9 Fighting
 + Level 2.9 Short Blades
 + Level 2.9 Long Blades
 + Level 2.9 Axes
 + Level 2.9 Maces & Flails
 + Level 2.9 Polearms
 + Level 2.9 Staves
 + Level 2.9 Ranged Weapons
 + Level 2.9 Throwing
 + Level 2.9 Armour
 + Level 5.4 Dodging
 + Level 5.1 Stealth
 + Level 2.9 Shields
 + Level 2.9 Unarmed Combat
 + Level 5.8 Spellcasting
 + Level 2.3 Conjurations
 + Level 2.3 Hexes
 + Level 2.3 Summonings
 + Level 2.3 Necromancy
 + Level 2.3 Translocations
 + Level 2.3 Transmutations
 + Level 2.3 Fire Magic
 + Level 7.5 Ice Magic
 + Level 2.3 Air Magic
 + Level 2.3 Earth Magic
 + Level 2.3 Poison Magic
 + Level 3.2 Invocations
 + Level 2.9 Evocations


You had 10 spell levels left.
You knew the following spells:

 Your Spells              Type           Power      Damage    Failure   Level
a - Freeze                Ice            100%       1d10      1%          1
b - Frozen Ramparts       Ice            56%        1d9       2%          3
c - Ozocubu's Armour      Ice            28%        N/A       2%          3

Your spell library contained the following spells:

 Spells                   Type           Power      Damage    Failure   Level
 Hailstorm                Conj/Ice       20%        3d6       7%          3
 Summon Ice Beast         Ice/Summ       20%        N/A       24%         4


Dungeon Overview and Level Annotations

Branches:
Dungeon (5/15)
 Temple: D:4-7

Altars:
The Shining One

Shops:
D:1 ?


Innate Abilities, Weirdness & Mutations

You have very sharp teeth.
Your uncanny sense of smell can sniff out nearby items.
Your experience applies equally to all skills.


Message History

The wall freezes the ogre!
You block the ogre's attack.
Casting: Frozen Ramparts (dangerous; 2% risk of failure)
Confirm with . or Enter, or press ? or * to list all spells.
A film of ice covers your body!
The necrophage resists.
The wall freezes the necrophage.
The necrophage hits you but does no damage.
The wall freezes the ogre.
The ogre hits you with a +0 giant club!
You hit the ogre.
The ogre is heavily wounded.
The necrophage resists.
The wall freezes the necrophage.
The necrophage misses you.
You hit the ogre but do no damage.
The ogre is heavily wounded.
The necrophage resists.
The wall freezes the necrophage.
The necrophage hits you but does no damage.
The wall freezes the ogre.
The ogre barely misses you.
You hit the ogre.
The ogre is severely wounded.
The necrophage resists.
The wall freezes the necrophage.
The necrophage closely misses you.
The wall freezes the ogre.
The ogre hits you with a +0 giant club!!
You are too injured to fight recklessly!
You are too injured to fight recklessly!
What are your orders? t - Bark!
Orders for allies: a - Attack new target. r - Retreat! s - Stop attacking. g - Guard the area. f - Follow me.
Anything else - Cancel.
Okay, then.
You hit the ogre.
The ogre is almost dead.
The necrophage resists.
The wall freezes the necrophage.
The necrophage barely misses you.
You barely miss the ogre.
The ogre is almost dead.
The necrophage resists.
The wall freezes the necrophage.
The necrophage misses you.
The wall freezes the ogre.
The ogre hits you with a +0 giant club!!
You die...

#.. #.# #.# .. ##
#.##.#... .......
######.##.#####
#....On.......∆
##@##...# .. ∆
#..##...##...
#........#...
..#.#..##........
#.#.#..........#.
#.#.#............
#.#.#..##.....###
###...#..##.....#
#........##.....#


You could see an ogre and a necrophage.

Vanquished Creatures
  2 water moccasins (D:5)
  A black bear (D:5)
  An ogre (D:4)
  A phantom (D:4)
  2 necrophages
  A hound (D:5)
  An iguana (D:5)
  6 gnolls
  4 adders
  A white imp (D:5)
  3 worms (D:2)
  3 dart slugs
  6 orcs
  5 endoplasms
  3 giant cockroaches
  9 goblins
  4 hobgoblins
  4 jackals (D:3)
  3 kobolds
  A quokka (D:2)
  6 ball pythons
  5 bats
  3 frilled lizards
  8 rats
83 creatures vanquished.

Notes
Turn   | Place    | Note
-------+----------+-------------------------------------------
     0 | D:1      | Crownlay the Gnoll Ice Elementalist began the quest for the
                  | Orb.
     0 | D:1      | Reached XP level 1. HP: 13/13 MP: 6/6
   159 | D:1      | Found Vuokiyce's Magic Scroll Shoppe.
   193 | D:1      | Reached XP level 2. HP: 16/19 MP: 4/7
  1048 | D:2      | Found a glowing golden altar of the Shining One.
  1055 | D:2      | Reached skill level 5 in Spellcasting
  1055 | D:2      | Reached XP level 3. HP: 18/25 MP: 5/9
  1061 | D:2      | Learned a level 3 spell: Frozen Ramparts
  1065 | D:2      | Learned a level 3 spell: Ozocubu's Armour
  1186 | D:2      | Reached skill level 1 in Invocations
  1484 | D:2      | Reached skill level 1 in Fighting
  1484 | D:2      | Reached skill level 1 in Short Blades
  1484 | D:2      | Reached skill level 1 in Long Blades
  1484 | D:2      | Reached skill level 1 in Axes
  1484 | D:2      | Reached skill level 1 in Maces & Flails
  1484 | D:2      | Reached skill level 1 in Polearms
  1484 | D:2      | Reached skill level 1 in Staves
  1484 | D:2      | Reached skill level 1 in Ranged Weapons
  1484 | D:2      | Reached skill level 1 in Throwing
  1484 | D:2      | Reached skill level 1 in Armour
  1484 | D:2      | Reached skill level 1 in Shields
  1484 | D:2      | Reached skill level 1 in Unarmed Combat
  1484 | D:2      | Reached skill level 1 in Evocations
  1651 | D:1      | Bought a scroll of fear for 40 gold pieces
  1651 | D:1      | Bought a scroll of teleportation for 30 gold pieces
  1840 | D:3      | Reached XP level 4. HP: 32/32 MP: 4/11
  1868 | D:3      | You fall into a shaft and drop 1 floor!
  1991 | D:3      | Found a faded altar of an unknown god.
  1998 | D:3      | Reached skill level 1 in Conjurations
  1998 | D:3      | Reached skill level 1 in Hexes
  1998 | D:3      | Reached skill level 1 in Summonings
  1998 | D:3      | Reached skill level 1 in Necromancy
  1998 | D:3      | Reached skill level 1 in Translocations
  1998 | D:3      | Reached skill level 1 in Transmutations
  1998 | D:3      | Reached skill level 1 in Fire Magic
  1998 | D:3      | Reached skill level 1 in Air Magic
  1998 | D:3      | Reached skill level 1 in Earth Magic
  1998 | D:3      | Reached skill level 1 in Poison Magic
  2467 | D:4      | Noticed an ogre
  2484 | D:4      | Killed an ogre
  2485 | D:4      | Reached XP level 5. HP: 38/38 MP: 9/12
  2566 | D:4      | Reached XP level 6. HP: 34/44 MP: 14/14
  2784 | D:4      | Reached skill level 5 in Dodging
  3109 | D:1      | Bought a scroll of magic mapping for 75 gold pieces
  3445 | D:5      | Entered Level 5 of the Dungeon
  3494 | D:5      | Noticed a water moccasin
  3515 | D:5      | Killed a water moccasin
  3516 | D:5      | Reached XP level 7. HP: 32/51 MP: 13/15
  4067 | D:5      | Reached skill level 5 in Stealth
  4212 | D:5      | Slain by an ogre

Illustrated notes

Levels and vault maps discovered:
D:1:      minmay_arrival_floating_metal, layout_loops_ring, serial_shops, shop,
          nrook_mini_vaults
D:2:      layout_loops_ring, basic_altar, minmay_tetromino_i4
D:3:      layout_rooms, shapermc_ecumenical_altar_mp_highgroup
D:4:      layout_gridville, small_statue_alley_b
D:5:      layout_basic

Skill      XL: |  1  2  3  4  5  6  7 |
---------------+----------------------+-----
Spellcasting   | 5 |  5.8
Invocations    | 1 2 3 |  3.2
Fighting       | 1 2 |  2.9
Short Blades   | 1 2 |  2.9
Long Blades    | 1 2 |  2.9
Axes           | 1 2 |  2.9
Maces & Flails | 1 2 |  2.9
Polearms       | 1 2 |  2.9
Staves         | 1 2 |  2.9
Ranged Weapons | 1 2 |  2.9
Throwing       | 1 2 |  2.9
Armour         | 1 2 |  2.9
Shields        | 1 2 |  2.9
Unarmed Combat | 1 2 |  2.9
Evocations     | 1 2 |  2.9
Conjurations   | 1 2 |  2.3
Hexes          | 1 2 |  2.3
Summonings     | 1 2 |  2.3
Necromancy     | 1 2 |  2.3
Translocations | 1 2 |  2.3
Transmutations | 1 2 |  2.3
Fire Magic     | 1 2 |  2.3
Air Magic      | 1 2 |  2.3
Earth Magic    | 1 2 |  2.3
Poison Magic   | 1 2 |  2.3
Dodging        | 5 |  5.4
Stealth        | 5 |  5.1
Ice Magic      | |  7.5

Action                     |  1- 3 |  4- 6 |  7- 9 || total
---------------------------+-------+-------+-------++-------
  Melee: Dagger            |    31 |    67 |    45 ||   143
         Bite              |     3 |    15 |     7 ||    25
         Punch             |       |     1 |       ||     1
   Cast: Freeze            |    65 |     5 |       ||    70
         Frozen Ramparts   |     4 |    11 |    12 ||    27
         Ozocubu's Armour  |     2 |     8 |     9 ||    19
  Evoke: Wand              |       |     6 |       ||     6
   Stab: Sleeping          |       |     3 |       ||     3
 Armour: Robe              |    21 |     9 |    20 ||    50
  Dodge: Dodged            |    64 |    56 |    27 ||   147
  Block: Buckler           |       |     3 |    15 ||    18

Table legend: (Time is in decaauts)
 A = Elapsed time spent in this place.
 B = Non-inter-level travel time spent in this place.
 C = Inter-level travel time spent in this place.
 D = Time resting spent in this place.
 E = Time spent auto-exploring this place.
 F = Levels seen in this place.
 G = Mean time per level.
                   A        B        C        D        E       F      G
               +--------+--------+--------+--------+--------+-----+--------+
         Total |   4215 |   3797 |    418 |      0 |   3059 |   5 |  843.0 |
       Dungeon |   4215 |   3797 |    418 |      0 |   3059 |   5 |  843.0 |
               +--------+--------+--------+--------+--------+-----+--------+

Top non-repeatable levels by time:
     D:1: 1123 daAuts
     D:4: 1003 daAuts
     D:5: 763 daAuts
     D:3: 682 daAuts
     D:2: 642 daAuts
